Match 42426996
Unlisted

Match 42426996
End
Kradschützen Motorcycle Team
Panzergrenadier Squad
Panzergrenadier Squad
Construct Light Support Kompanie
MG34 Team
Construct Mechanized Kompanie
Selects Italian Infantry
Selects Guastatori Squad
Guastatori Squad
Support Armor Elements
Pak 38 Anti-tank Gun Team
Pak 38 Mechanized Group
Selects L6/40 Light Tank Combat Group
Selects Towed Cannone da 105/28 Field Howitzer
Towed Cannone da 105/28 Field Howitzer
Construct Panzerarmee Kommand
Selects Defensive Operations
Selects Prepared Positions
Saueee
Rommel
Ted 'Seaman' Silk
Thomas Smooth
0
0

Comments sign in to comment!

No comments posted yet!